 Dungeon Crawl Stone Soup version 0.28-a0-1159-g27aa881441 (webtiles) character file.

Game seed: 13657118735489985357

2459 siradein the Skirmisher (level 9, -1/74 HPs)
             Began as a Palentonga Fighter on Dec 15, 2021.
             Was an Initiate of Yredelemnul.
             Slain by a killer bee (2 damage)
             ... on level 8 of the Dungeon on Dec 16, 2021.
             The game lasted 00:23:47 (8194 turns).

siradein the Skirmisher (Palentonga Fighter)        Turns: 8194, Time: 00:23:47

Health: -1/74      AC: 15    Str: 21    XL:     9   Next: 26%
Magic:  12/12      EV: 14    Int:  9    God:    Yredelemnul [......]
Gold:   417        SH:  9    Dex: 12    Spells: 8/8 levels left

rFire   . . .      SeeInvis +   a - +0 trident
rCold   + . .      Faith    +   c - +0 buckler
rNeg    . . .      Spirit   .   p - +0 chain mail
rPois   .          Reflect  .   (helmet restricted)
rElec   .          Harm     .   (no cloak)
rCorr   .          Rampage  .   (no gloves)
Will    .....      Clarity  +   (no barding)
Stlth   ..........              s - amulet of faith
HPRegen 0.22/turn               u - ring of protection from cold
MPRegen 0.13/turn               y - ring of the Hare {EV+8}

@: lethally poisoned (-1 -> -16), curled up
A: large, rugged brown scales 3, see invisible, deformed body, roll 1, armoured
tail, reflexive curl, antennae 1, talons 1, large bone plates 1, clarity
a: Rolling Charge, Renounce Religion, Recall Undead Harvest


You were on level 8 of the Dungeon.
You worshipped Yredelemnul.
Yredelemnul was noncommittal.
You visited 2 branches of the dungeon, and saw 9 of its levels.

You collected 417 gold pieces.

Inventory:

Hand Weapons
 a - a +0 trident (weapon)
Missiles
 j - 2 throwing nets
 r - 30 poisoned darts
Armour
 c - a +0 buckler (worn)
 p - a +0 chain mail (worn)
Jewellery
 s - an amulet of faith (around neck)
 u - a ring of protection from cold (left hand)
 y - the ring of the Hare (right hand) {EV+8}
   (You found it on level 6 of the Dungeon)

   [ring of evasion]

   EV:        It affects your evasion (+8).
 B - an amulet of guardian spirit
Wands
 f - a wand of digging (4)
 n - a wand of acid (10)
 z - a wand of polymorph (8)
 A - a wand of mindburst (12)
Scrolls
 b - a scroll of summoning
 k - 3 scrolls of teleportation {unknown}
 t - 2 scrolls of noise {unknown}
 x - a scroll of blinking {unknown}
Potions
 d - a potion of might
 m - a potion of brilliance {unknown}
 o - a potion of heal wounds {unknown}
 q - a potion of attraction {unknown}
 v - a potion of flight {unknown}
 w - a potion of cancellation {unknown}


   Skills:
 + Level 6.3 Fighting
 + Level 5.3 Polearms
 + Level 5.2 Armour
 + Level 1.2 Dodging
 + Level 5.3 Shields
 + Level 4.9 Invocations
 + Level 1.4 Evocations


You had 8 spell levels left.
You didn't know any spells.
Your spell library contained the following spells:

 Spells                   Type           Power      Damage    Failure   Level
 Freezing Cloud           Conj/Ice/Air   0%         6-21      100%        5
 Simulacrum               Ice/Necr       0%         N/A       100%        6
 Polar Vortex             Ice            0%         N/A       100%        9


Dungeon Overview and Level Annotations

Branches:
Dungeon (8/15)             Temple (1/1) D:4
   Lair: D:8-11

Altars:
Ashenzari
Dithmenos
Elyvilon
Okawaru
Qazlal
Uskayaw
Wu Jian
Yredelemnul


Innate Abilities, Weirdness & Mutations

You are completely covered in rugged brown scales. (AC +3, +7% HP)
You have supernaturally acute eyesight. (SInv)
Armour fits poorly on your strangely shaped body.
You can roll at nearby foes to attack.
You have a long armoured tail.
You curl defensively after being hit. (AC +7*)
You have a pair of small antennae on your head.
You have sharp toenails.
You are partially covered in large bone plates. (SH +4)
You possess an exceptional clarity of mind.


Message History

* * * LOW HITPOINT WARNING * * *
The lemure hits you but does no damage. The killer bee barely misses you.
The killer bee closely misses you.
Unknown command.
Unknown command.
You barely miss the killer bee. Your kick misses the killer bee.
The killer bee is severely wounded.
You feel sick. You block the killer bee's attack.
The killer bee stings you but does no damage.
The killer bee stings you.
* * * LOW HITPOINT WARNING * * *
You are lethally poisoned!
The killer bee poisons you!
The killer bee stings you but does no damage.
The lemure barely misses you. You block the killer bee's attack.
The killer bee barely misses you. The lemure hits you but does no damage.
Unknown command.
Unknown command.
Unknown command.
You feel better. The killer bee closely misses you.
You block the killer bee's attack. The killer bee barely misses you.
The killer bee stings you!
* * * LOW HITPOINT WARNING * * *
You are poisoned.
The killer bee poisons you! The lemure barely misses you.
The killer bee barely misses you. The killer bee stings you.
* * * LOW HITPOINT WARNING * * *
You are lethally poisoned!
The killer bee poisons you! The lemure hits you.
* * * LOW HITPOINT WARNING * * *
Something appears at your feet!
* * * LOW HITPOINT WARNING * * *
You feel very sick. You block the killer bee's attack. x2
The killer bee stings you but does no damage.
The lemure hits you.
* * * LOW HITPOINT WARNING * * *
You block the killer bee's attack. The killer bee stings you.
You die...
Your body rises from the dead as a mindless zombie.

.#.................#
............<......#
#.................#
#.................#
#....>...........##
#=................#
#....c............####
#...55y.........))...#
####.@y.........)....#
###y.........)....#
#...............#
#...#......#..<.#
############..<.#
#....# #....# ######


You could see 2 lemures, a centaur and 3 killer bees.

Vanquished Creatures
  A centaur zombie (D:7)
  A steam dragon (D:8)
  Menkaure (D:5)
  A water moccasin (D:5)
  A black bear (D:5)
  An ice beast (D:5)
  3 necrophages
  2 centaurs
  2 phantoms (D:5)
  2 kobold brigands
  A gnoll sergeant (D:7)
  2 scorpions
  3 killer bees (D:8)
  A bullfrog zombie (D:6)
  2 hounds (D:7)
  2 orc priests
  An iguana (D:4)
  3 orc wizards
  Robin (D:3)
  7 gnolls
  A howler monkey skeleton (D:4)
  8 adders
  A shadow imp (D:6)
  2 ufetubi
  3 dart slugs
  16 orcs
  4 ball pythons
  5 bats
  5 endoplasms
  6 giant cockroaches
  14 goblins
  7 hobgoblins
  7 jackals
  15 kobolds
  2 quokkas
  3 frilled lizards
  5 rats
142 creatures vanquished.

Vanquished Creatures (collateral kills)
  A howler monkey (D:6)
  A hound zombie (D:5)
  An adder (D:5)
  4 orcs
  A kobold (D:7)
8 creatures vanquished.

Vanquished Creatures (others)
  A killer bee zombie (D:8)
  A steam dragon zombie (D:8)
  7 kobold zombies
  An orc zombie (D:7)
  A spectral ufetubus (D:7)
  4 toadstools (D:1)
15 creatures vanquished.

Grand Total: 165 creatures vanquished

Notes
Turn   | Place    | Note
-------+----------+-------------------------------------------
     0 | D:1      | siradein the Palentonga Fighter began the quest for the
                  | Orb.
     0 | D:1      | Reached XP level 1. HP: 19/19 MP: 1/1
    73 | D:1      | Reached XP level 2. HP: 25/25 MP: 2/2
   654 | D:1      | Reached XP level 3. HP: 17/31 MP: 3/3
  1242 | D:2      | Reached XP level 4. HP: 29/37 MP: 4/4
  1673 | D:2      | Found a faded altar of an unknown god.
  1758 | D:3      | Noticed Robin
  2255 | D:3      | Killed Robin
  2498 | D:3      | Reached XP level 5. HP: 36/44 MP: 5/5
  2905 | D:3      | Reached skill level 4 in Fighting
  3565 | D:4      | Found a staircase to the Ecumenical Temple.
  3571 | Temple   | Entered the Ecumenical Temple
  3578 | Temple   | Became a worshipper of Yredelemnul the Dark
  3727 | D:4      | Found an ornate altar of the Wu Jian Council.
  3739 | D:4      | You fall into a shaft and drop 3 floors!
  3739 | D:7      | Noticed a water elemental
  3739 | D:7      | Noticed a fire elemental
  3739 | D:7      | Noticed an air elemental
  3739 | D:7      | Found a stormy altar of Qazlal.
  3799 | D:7      | Reached XP level 6. HP: 6/51 MP: 6/6
  3799 | D:7      | HP: 2/51 [orc wizard (4)]
  4102 | D:7      | Gained mutation: You curl defensively after being hit. (AC
                  | +7*) [Palentonga growth]
  4102 | D:7      | Reached XP level 7. HP: 28/58 MP: 6/8
  4655 | D:6      | Reached skill level 5 in Fighting
  4680 | D:6      | Reached * piety under Yredelemnul
  4853 | D:6      | Reached ** piety under Yredelemnul
  4960 | D:6      | Found an iron altar of Okawaru.
  4989 | D:5      | Entered Level 5 of the Dungeon
  4989 | D:5      | Noticed Menkaure
  4993 | D:5      | Killed Menkaure
  4994 | D:5      | Reached XP level 8. HP: 66/66 MP: 10/10
  5173 | D:5      | Identified the +0 pair of gloves of Zetefili {Int+2 Dex+4
                  | Slay-5 Stlth+}
  5896 | D:5      | Found a white marble altar of Elyvilon.
  6142 | D:6      | Found the ring of the Hare {EV+8}
  6378 | D:6      | Reached skill level 6 in Fighting
  6386 | D:6      | Reached skill level 5 in Polearms
  6386 | D:6      | Reached skill level 5 in Armour
  6386 | D:6      | Reached skill level 5 in Shields
  6891 | D:7      | Identified a scroll of acquirement
  6895 | D:7      | Gained mutation: You have a pair of small antennae on your
                  | head. [potion of mutation]
  6895 | D:7      | Gained mutation: You are partially covered in large bone
                  | plates. (SH +4) [potion of mutation]
  6895 | D:7      | Gained mutation: You possess an exceptional clarity of
                  | mind. [potion of mutation]
  6895 | D:7      | Gained mutation: You have sharp toenails. [potion of
                  | mutation]
  7022 | D:7      | Reached XP level 9. HP: 39/73 MP: 12/12
  7237 | D:7      | Reached skill level 1 in Evocations
  7750 | D:7      | Noticed a +0 hand axe
  7750 | D:7      | Noticed a +0 hand axe
  7754 | D:7      | Found a hide-covered altar of Uskayaw.
  8075 | D:8      | Reached skill level 1 in Dodging
  8194 | D:8      | Acquired 637 gold pieces
  8194 | D:8      | HP: 3/74 [poisoned by a killer bee]
  8194 | D:8      | HP: 1/74 [lemure[Pikel] (2)]
  8194 | D:8      | Slain by a killer bee

Illustrated notes

Levels and vault maps discovered:
D:1:      ldierk_walled_garden_2, layout_loops_cross
D:2:      layout_rooms, serial_rivers, chequers_serial_rivers_micro_a,
          chequers_serial_rivers_large_b, chequers_serial_rivers_room_a,
          chequers_serial_rivers_micro_c, chequers_serial_rivers_micro_d,
          shapermc_ecumenical_altar_acropolis
D:3:      minmay_angry_zag, layout_loops_ring, grunt_ministairs_7, uniq_robin
D:4:      layout_loops_ring, lemuel_tele_altar, lemuel_crystal_altar,
          lightli_temple_of_fire, minmay_temple_entry_overgrown
D:5:      layout_loops_corners, elyvilon_altar_3, uniq_menkaure
D:6:      layout_rooms, okawaru_gym_becter
D:7:      layout_basic, dancing_weapons_uskayaw,
          nicolae_qazlal_style_of_elements
D:8:      layout_rooms, worldfamousw_hep_ancestral_shrine, uniq_pikel
Temple:   eino_wide_crystal_templ

Skill      XL: |  1  2  3  4  5  6  7  8  9 |
---------------+----------------------------+-----
Polearms       | 2 3 4 5 |  5.3
Armour         | 3 4 5 |  5.2
Shields        | 3 4 5 |  5.3
Fighting       | 4 5 6 |  6.3
Invocations    | 2 3 4 |  4.9
Evocations     | 1 |  1.4
Dodging        | 1 |  1.2

Action                   |  1- 3 |  4- 6 |  7- 9 || total
-------------------------+-------+-------+-------++-------
Melee: Trident           |   102 |   209 |   271 ||   582
       Tailslap          |    14 |    26 |    27 ||    67
       Kick              |       |       |     9 ||     9
Evoke: Wand              |       |       |     1 ||     1
  Use: Scroll            |       |     1 |     6 ||     7
       Potion            |       |       |     2 ||     2
 Stab: Distracted        |       |       |     2 ||     2
Armor: Scale mail        |    52 |    81 |       ||   133
       Chain mail        |       |    43 |   154 ||   197
Dodge: Dodged            |    44 |    70 |   121 ||   235
Block: Buckler           |    17 |    46 |    91 ||   154

Table legend: (Time is in decaauts)
 A = Elapsed time spent in this place.
 B = Non-inter-level travel time spent in this place.
 C = Inter-level travel time spent in this place.
 D = Time resting spent in this place.
 E = Time spent auto-exploring this place.
 F = Levels seen in this place.
 G = Mean time per level.
                   A        B        C        D        E       F      G
               +--------+--------+--------+--------+--------+-----+--------+
         Total |   8328 |   8126 |    202 |   1871 |   4830 |   9 |  925.3 |
       Dungeon |   8313 |   8111 |    202 |   1871 |   4829 |   8 | 1039.1 |
        Temple |     14 |     14 |      0 |      0 |      1 |   1 |   14.0 |
               +--------+--------+--------+--------+--------+-----+--------+

Top non-repeatable levels by time:
     D:7: 1981 daAuts
     D:5: 1381 daAuts
     D:2: 1285 daAuts
     D:3: 1261 daAuts
     D:1: 1028 daAuts
     D:6: 770 daAuts
     D:8: 349 daAuts
     D:4: 255 daAuts
  Temple: 14 daAuts
